 Dungeon Crawl Stone Soup version 0.31.0-12-g77e489cdc1 (webtiles) character file.

Game seed: 5976669163456434075

3448 unlimited1921 the Thaumaturge (level 10, 0/61 HPs)
             Began as a Djinni Fire Elementalist on Feb 16, 2024.
             Was an Initiate of Ashenzari.
             Slain by Pikel
             ... wielding a +1 whip of freezing
              (6 damage)
             ... on level 6 of the Dungeon.
             The game lasted 00:40:07 (12876 turns).

unlimited1921 the Thaumaturge (DjFE)               Turns: 12876, Time: 00:40:08

Health: 0/61       AC: 12    Str:  7    XL:     10   Next: 26%
Gold:   298        EV: 13    Int: 19    God:    Ashenzari [......] SH:  0 Dex: 16

rFire   + + .        a - +9 whip of Vopnoru {distort, MP+9}
rCold   x . .        M - orb {mayhem}
rNeg    . . .        v - +0 scale mail
rPois   ∞            (no helmet)
rElec   .            (no cloak)
rCorr   .            p - +0 pair of gloves of Ashenzari's Anxiety {Elem, Fort} (curse)
SInv    .            (boots unavailable)
Will    +....        n - amulet of regeneration
Stlth   +            g - +4 ring of protection
HPRegen 1.10/turn    D - +5 ring of evasion
MPRegen 0.00/turn

%: mayhem, infuse magic (-1 HP)
@: flying, inugami summoned
A: sickness immunity, fire resistance 2, cold vulnerability 1, float, innate
caster, HP casting, extra vitality 1
a: Renounce Religion, Curse Item, Shatter the Chains


You were on level 6 of the Dungeon.
You worshipped Ashenzari.
Ashenzari was noncommittal.
You visited 2 branches of the dungeon, and saw 7 of its levels.
You also visited: Sewer and Ossuary.

You collected 538 gold pieces.
You spent 240 gold pieces at shops.

Inventory:

Hand Weapons
 a - the +9 whip of Vopnoru (weapon) {distort, MP+9}
   (You found it on level 3 of the Dungeon)

   MP+9:      It affects your magic capacity (+9).
 A - a +0 trident
 B - a +1 heavy hand axe
 G - a +5 falchion
 H - a +1 hand axe of electrocution
 L - a +2 trident of draining
Missiles
 i - 4 poisoned darts
 C - 6 datura-tipped darts
 N - a throwing net
Armour
 p - the cursed +0 pair of gloves of Ashenzari's Anxiety (worn) {Elem, Fort}
   (You found it on level 2 of the Dungeon)

   It has a curse which improves the following skills: Elements: Fire Magic, Ice
   Magic, Air Magic and Earth Magic.
   Fortitude: Armour and Shields.
 v - a +0 scale mail (worn)
 E - the +7 chain mail "Ruataeq" {rPois rN+++ Regen+ Int-2}
   (You took it off an orc on level 4 of the Dungeon)

   Int-2:     It affects your intelligence (-2).
   rPois:     It protects you from poison rN+++: It renders you almost immune to
   negative energy.
   Regen+:    It increases your rate of health regeneration.
 F - a +0 pair of gloves
 M - an orb of mayhem (worn)
Jewellery
 d - a ring of fire
 g - a +4 ring of protection (left hand)
 k - an amulet of faith
 n - an amulet of regeneration (around neck)
 D - a +5 ring of evasion (right hand)
Wands
 K - a wand of flame (9)
Scrolls
 h - a scroll of torment
 j - 3 scrolls of vulnerability {unknown}
 l - 3 scrolls of summoning {unknown}
 m - 2 scrolls of poison {unknown}
 q - 2 scrolls of teleportation
 r - 3 scrolls of blinking
 t - 5 scrolls of fog {unknown}
 w - a scroll of immolation {unknown}
 y - a scroll of enchant armour
 I - a scroll of fear {unknown}
 O - a scroll of identify
Potions
 b - a potion of brilliance
 c - 2 potions of haste {unknown}
 e - 6 potions of might {unknown}
 f - 4 potions of cancellation {unknown}
 o - 2 potions of ambrosia {unknown}
 s - a potion of lignification {unknown}
 u - 5 potions of curing {unknown}
 x - 2 potions of invisibility
 z - a potion of resistance
 J - a potion of attraction {unknown}


   Skills:
 + Level 0.9 Fighting
 + Level 0.2 Maces & Flails
 * Level 5.9(6.3) Armour
 - Level 3.9 Dodging
 - Level 3.9 Stealth
 * Level 11.9 Spellcasting
 * Level 11.9 Conjurations
 * Level 11.9 Hexes
 * Level 11.9 Summonings
 * Level 11.9 Necromancy
 * Level 11.9 Translocations
 * Level 11.9(12.2) Fire Magic
 * Level 11.9(12.2) Ice Magic
 * Level 11.9(12.2) Air Magic
 * Level 11.9(12.2) Earth Magic
 * Level 11.9 Alchemy


You knew the following spells:

 Your Spells              Type           Power      Damage    Failure   Level
a - Foxfire               Conj/Fire      100%       2x1d9     1%          1
b - Scorch                Fire           100%       2d9       1%          2
c - Volatile Blastmotes   Fire/Tloc      100%       2d18      1%          3
d - Inner Flame           Hex/Fire       55%        N/A       1%          3
e - Flame Wave            Conj/Fire      55%        2d13      4%          4
f - Shock                 Conj/Air       100%       1d9       1%          1
g - Lesser Beckoning      Tloc           100%       N/A       1%          2
h - Call Canine Familiar  Summ           54%        N/A       1%          3
i - Leda's Liquefaction   Alch/Erth      27%        N/A       4%          4
Your spell library was empty.

Dungeon Overview and Level Annotations

Branches:
Dungeon (6/15)             Temple (1/1) D:4           Sewer (visited)
Ossuary (visited)

Altars:
Ashenzari
Cheibriados
Dithmenos
Elyvilon
Fedhas
Hepliaklqana
Makhleb
Nemelex Xobeh
Qazlal
Ru
Trog
Uskayaw
Wu Jian
Xom

Shops:
D:2 ?

Annotations:
D:6 Eustachio, Pikel


Innate Abilities, Weirdness & Mutations

You are immune to sickness and miasma.
You are immune to poison.
Your flesh is very heat resistant. (rF++)
You are vulnerable to cold. (rC-)
You float through the air rather than walking.
You learn spells naturally, not from books.
Your magical power is your life essence.
You have superior vitality. (+4 MHP)


Message History

Pikel freezes you.
Your inugami closely misses the lemure. x2
Your inugami hits the lemure!
Casting: Call Canine Familiar (safe; 1% risk of failure)
Confirm with . or Enter, or press ? or * to list all spells.
Aiming: Inner Flame (safe; 1% risk of failure)
Press: ? - help, Dir - move target, f - lemure
Aim: a lemure (heavily wounded, chance to affect: 94%)
The lemure is filled with an inner flame.
The iron imp disappears in a puff of smoke!
The lemure hits your inugami. The lemure closely misses your inugami.
Pikel hits you with a +1 whip of freezing.
Pikel freezes you.
Your inugami hits the lemure.
The lemure dies!
Casting: Inner Flame (safe; 1% risk of failure)
Confirm with . or Enter, or press ? or * to list all spells.
Flames lash Pikel.
Pikel is moderately wounded.
Pikel's fire resistance burns away.
The lemure hits your inugami but does no damage.
Pikel barely misses you.
Your inugami hits the lemure.
Casting: Scorch (safe; 1% risk of failure)
Confirm with . or Enter, or press ? or * to list all spells.
Flames lash Pikel.
Pikel is burned terribly!
Pikel is heavily wounded.
Eustachio asks, "How can you live without manners, virtues and honour?"
The lemure closely misses your inugami.
Pikel hits you with a +1 whip of freezing.
Pikel freezes you.
* * * LOW HITPOINT WARNING * * *
Your inugami misses the lemure.
Casting: Scorch (safe; 1% risk of failure)
Confirm with . or Enter, or press ? or * to list all spells.
Flames lash Pikel but do no damage.
* * * LOW HITPOINT WARNING * * *
The lemure hits your inugami.
Pikel hits you with a +1 whip of freezing!
* * * LOW HITPOINT WARNING * * *
Pikel freezes you.
You die...
Pikel says, "See you in Hell!"

#...5§.....
#.rr@......
###5####### #h#
##### #.# #...# #.#
#...# #5# #...# #K#
#...# ##@######
#...#
#.......###...#####
#...........†.##...
#.....>..##...##...
#........####.##...
#......>.# #§##...
#........# ##.##...
#........###.......
#.................#


You could see Eustachio, Pikel (combustible), 2 lemures, a river rat (summoned),
a rat (summoned) and a friendly inugami (summoned).

Vanquished Creatures
  Jeremiah (D:6)
  Sigmund (D:4)
  2 steam dragons (D:5)
  A water moccasin (D:6)
  Duvessa (D:6)
  An ogre (D:4)
  A lemure (D:6)
  2 phantoms (D:5)
  2 bullfrogs (Sewer)
  A scorpion (D:5)
  5 wights (D:5)
  The ghost of TheBioAlchemist the Shield-Bearer, a weakling TrFi (D:3)
  Dowan (D:6)
  A howler monkey (D:6)
  2 vampire bats (D:5)
  2 jellies (D:6)
  2 hounds
  3 orc priests
  2 sleepcaps
  4 iguanas
  3 orc wizards (D:5)
  A scorpion simulacrum (D:3)
  4 mummies (Ossuary)
  10 adders
  2 river rats (D:3)
  A hound simulacrum (D:3)
  A white imp (D:6)
  The ghost of RancidPinata the Sneak, a weakling OpDe (D:4)
  12 dart slugs
  4 ribbon worms
  An adder simulacrum (D:3)
  21 orcs
  4 bats
  A bat skeleton (D:5)
  4 bat zombies (D:5)
  7 endoplasms
  13 giant cockroaches
  A gnoll zombie (Ossuary)
  6 hobgoblins
  3 jackals (D:2)
  11 kobolds
  3 quokkas
  20 ball pythons
  24 frilled lizards
  9 goblins
  A goblin zombie (Ossuary)
  A hobgoblin zombie (Ossuary)
  A jackal simulacrum (D:3)
  An orc zombie (Ossuary)
  11 rats
  A rat zombie (Ossuary)
219 creatures vanquished.

Vanquished Creatures (collateral kills)
  A lemure (D:6)
  An elf zombie (Ossuary)
  2 human zombies (Ossuary)
  A hound zombie (Ossuary)
  An adder zombie (Ossuary)
  A giant cockroach simulacrum (D:3)
  A hobgoblin zombie (Ossuary)
  An orc zombie (Ossuary)
  16 foxfires (D:5)
25 creatures vanquished.

Vanquished Creatures (others)
  983 foxfires
983 creatures vanquished.

Grand Total: 1227 creatures vanquished

Notes
Turn   | Place    | Note
-------+----------+-------------------------------------------
     0 | D:1      | unlimited1921 the Djinni Fire Elementalist began the quest
                  | for the Orb.
     0 | D:1      | unlimited1921 set off with the following spells memorised:
                  | Foxfire, Scorch, Volatile Blastmotes, Inner Flame, Flame
                  | Wave.
     0 | D:1      | Reached XP level 1. HP: 15/15 MP: 0/0
   448 | D:1      | Reached XP level 2. HP: 17/21 MP: 0/0
  1664 | D:1      | Reached XP level 3. HP: 21/25 MP: 0/0
  1664 | D:1      | Learned a level 1 spell: Shock
  1682 | D:1      | Found a faded altar of an unknown god.
  3840 | D:2      | Reached XP level 4. HP: 28/31 MP: 0/0
  4514 | D:2      | Reached XP level 5. HP: 32/35 MP: 0/0
  4514 | D:2      | Learned a level 2 spell: Lesser Beckoning
  4854 | D:2      | Found Qitymet's Magic Scroll Boutique.
  4864 | D:2      | Bought a scroll of blinking for 90 gold pieces
  5129 | D:3      | Found a glowing drain.
  5135 | Sewer    | Entered a sewer
  5207 | Sewer    | Reached skill level 1 in Armour
  5392 | Sewer    | Reached XP level 6. HP: 35/40 MP: 0/0
  6541 | D:3      | Noticed TheBioAlchemist's ghost (weakling TrFi)
  7124 | D:3      | Reached XP level 7. HP: 34/46 MP: 0/0
  7124 | D:3      | Learned a level 3 spell: Call Canine Familiar
  8405 | D:3      | Found a runed translucent gate.
  8415 | D:3      | Found a runed translucent gate.
  8415 | D:3      | Found a runed translucent gate.
  8762 | D:2      | Bought a scroll of enchant armour for 90 gold pieces
  8762 | D:2      | Bought a scroll of identify for 24 gold pieces
  8762 | D:2      | Bought a scroll of teleportation for 36 gold pieces
  9136 | D:4      | Found a sand-covered staircase.
  9140 | Ossuary  | Entered an ossuary
  9332 | Ossuary  | Reached skill level 5 in Spellcasting
  9332 | Ossuary  | Reached skill level 5 in Conjurations
  9332 | Ossuary  | Reached skill level 5 in Hexes
  9332 | Ossuary  | Reached skill level 5 in Summonings
  9332 | Ossuary  | Reached skill level 5 in Necromancy
  9332 | Ossuary  | Reached skill level 5 in Translocations
  9332 | Ossuary  | Reached skill level 5 in Fire Magic
  9332 | Ossuary  | Reached skill level 5 in Ice Magic
  9332 | Ossuary  | Reached skill level 5 in Air Magic
  9332 | Ossuary  | Reached skill level 5 in Earth Magic
  9332 | Ossuary  | Reached skill level 5 in Alchemy
  9332 | Ossuary  | Reached XP level 8. HP: 47/51 MP: 0/0
  9454 | Ossuary  | Reached XP level 9. HP: 56/56 MP: 0/0
  9454 | Ossuary  | Learned a level 4 spell: Leda's Liquefaction
 10264 | D:4      | Noticed Sigmund
 10270 | D:4      | Killed Sigmund
 10429 | D:4      | Found a staircase to the Ecumenical Temple.
 10472 | Temple   | Entered the Ecumenical Temple
 10481 | Temple   | Became a worshipper of Ashenzari the Shackled
 10764 | D:4      | Found a runed translucent gate.
 10764 | D:4      | Found a runed translucent gate.
 10765 | D:4      | Found a runed translucent gate.
 10766 | D:4      | Noticed RancidPinata's ghost (weakling OpDe)
 10767 | D:4      | Identified the +7 chain mail "Ruataeq" {rPois rN+++ Regen+
                  | Int-2}
 11034 | D:4      | Killed RancidPinata's ghost
 11229 | D:3      | Killed TheBioAlchemist's ghost
 11259 | D:3      | Identified the +9 whip of Vopnoru {distort, MP+9}
 11395 | D:5      | Entered Level 5 of the Dungeon
 11718 | D:5      | Found a blossoming altar of Fedhas.
 12031 | D:5      | Reached skill level 5 in Armour
 12070 | D:5      | Found a hazy altar of Hepliaklqana.
 12126 | D:5      | Found a burning altar of Makhleb.
 12140 | D:5      | Found a snail-covered altar of Cheibriados.
 12227 | D:5      | Reached XP level 10. HP: 56/61 MP: 0/0
 12422 | D:6      | Noticed Dowan
 12424 | D:6      | Noticed Duvessa
 12427 | D:6      | Killed Duvessa
 12427 | D:6      | Killed Dowan
 12542 | D:6      | Noticed Jeremiah
 12596 | D:6      | Killed Jeremiah
 12852 | D:6      | Noticed Pikel
 12857 | D:6      | Noticed Eustachio
 12876 | D:6      | Slain by Pikel

Illustrated notes

Levels and vault maps discovered:
D:1:      amcnicky_arrival_underground_garden, layout_basic,
          hellmonk_ecumenical_altar_run_dry, st_stairs_12,
          kennysheep_flooded_box
D:2:      minmay_spotlight, layout_rooms, serial_shops, shop,
          minmay_diced_spiral
D:3:      layout_basic, gup_sewer_entry_bubbles, gammafunk_ghost_icy,
          dreamdust_wishing_well
D:4:      layout_basic, minmay_temple_entry_overgrown,
          biasface_ghost_orc_armoury, enter_ossuary_5, uniq_sigmund
D:5:      kennysheep_steamy, layout_rooms, kennysheep_vampire_church,
          nzn_hepliaklqana_mist_gate, mainiacjoe_overflow_swirl,
          fedhas_ov_isle_minmay
D:6:      layout_basic, uniq_duvessa, uniq_eustachio, uniq_pikel, uniq_jeremiah
Temple:   hellmonk_temple_two_chambers

Skill      XL: |  1  2  3  4  5  6  7  8  9 |
---------------+----------------------------+-----
Stealth        | 2 3 |  3.9
Dodging        | 3 |  3.9
Spellcasting   | 4 5 11 | 11.9
Conjurations   | 4 5 11 | 11.9
Hexes          | 4 5 11 | 11.9
Summonings     | 4 5 11 | 11.9
Necromancy     | 4 5 11 | 11.9
Translocations | 4 5 11 | 11.9
Fire Magic     | 4 5 11 | 11.9
Ice Magic      | 4 5 11 | 11.9
Air Magic      | 4 5 11 | 11.9
Earth Magic    | 4 5 11 | 11.9
Alchemy        | 4 5 11 | 11.9
Armour         | 1 2 3 5 |  5.9
Fighting       | |  0.9
Maces & Flails | |  0.2

Action                     |  1- 3 |  4- 6 |  7- 9 | 10-12 || total
---------------------------+-------+-------+-------+-------++-------
  Melee: Dagger            |       |       |     8 |       ||     8
         Whip              |       |       |    48 |    10 ||    58
   Cast: Foxfire           |   102 |   161 |   311 |    50 ||   624
         Scorch            |     7 |    11 |    24 |     3 ||    45
         Inner Flame       |     1 |     8 |    16 |     4 ||    29
         Shock             |       |     2 |       |     2 ||     4
         Call Canine Famil |       |       |     5 |     7 ||    12
         Leda's Liquefacti |       |       |     1 |       ||     1
         Volatile Blastmot |       |       |       |     4 ||     4
 Invoke: Curse Item        |       |       |     1 |       ||     1
    Use: Scroll            |       |       |     9 |       ||     9
         Potion            |       |       |     1 |       ||     1
 Armour: Robe              |     5 |     1 |       |       ||     6
         Leather armour    |       |     6 |    13 |       ||    19
         Scale mail        |       |       |    14 |    16 ||    30
  Dodge: Dodged            |     4 |     9 |    23 |     8 ||    44
